 Dungeon Crawl Stone Soup version 0.31-a0-1626-g5cb510d322 (webtiles) character file.

Game seed: 9005550687065453720

8648 Reshi88 the Fighter (level 11, 0/99 HPs)
             Began as a Minotaur Fighter on Jan 12, 2024.
             Was a Priest of Makhleb.
             Slain by a spectral orc warrior
             ... wielding a +0 halberd
             ... summoned by Nergalle
              (9 damage)
             ... on level 11 of the Dungeon.
             The game lasted 00:13:43 (10711 turns).

Reshi88 the Fighter (Minotaur Fighter)             Turns: 10711, Time: 00:13:44

Health: 0/99       AC: 26    Str: 20    XL:     11   Next: 12%
Magic:  8/8        EV:  6    Int:  6    God:    Makhleb [***...]
Gold:   331        SH:  7    Dex: 19    Spells: 10/10 levels left

rFire   . . .        t - +7 flail of the Fortifying Goat {heavy, Dex+3}
rCold   . . .        c - +0 buckler
rNeg    . . .        b - +2 crystal plate armour
rPois   .            (helmet restricted)
rElec   .            B - +0 cloak
rCorr   .            y - +0 pair of gloves
SInv    +            H - +0 pair of boots {rampage}
Will    .....        (no amulet)
Stlth   x              - ring of see invisible
HPRegen 0.36/turn    r - ring of flight
MPRegen 0.11/turn

%: rampage
@: mighty, lethally poisoned (0 -> -9), flying
A: horns 2, retaliatory headbutt, agile 1, low MP 1
a: Renounce Religion, Minor Destruction, Lesser Servant of Makhleb


You were on level 11 of the Dungeon.
You worshipped Makhleb.
Makhleb was most pleased with you.
You visited 1 branch of the dungeon, and saw 11 of its levels.

You collected 593 gold pieces.
You spent 262 gold pieces at shops.

Inventory:

Hand Weapons
 t - the +7 flail of the Fortifying Goat (weapon) {heavy, Dex+3}
   (You found it on level 6 of the Dungeon)

   Dex+3:     It affects your dexterity (+3).
Missiles
 F - a throwing net (quivered)
Armour
 b - a +2 crystal plate armour (worn)
 c - a +0 buckler (worn)
 y - a +0 pair of gloves (worn)
 B - a +0 cloak (worn)
 H - a +0 pair of boots of rampaging (worn)
Jewellery
 p - a +6 ring of strength
 r - a ring of flight (right hand)
 x - a ring of see invisible (left hand)
Wands
 o - a wand of iceblast (21)
 u - a wand of flame (17)
 A - a wand of paralysis (11)
Scrolls
 d - a scroll of amnesia
 e - 2 scrolls of teleportation
 g - 2 scrolls of poison
 i - 3 scrolls of noise
 s - a scroll of enchant weapon
 v - a scroll of blinking
 w - a scroll of torment
 E - a scroll of revelation
Potions
 f - 4 potions of curing
 h - a potion of cancellation {unknown}
 j - 3 potions of brilliance
 k - a potion of invisibility {unknown}
 l - a potion of lignification {unknown}
 m - a potion of resistance {unknown}
 n - 3 potions of haste {unknown}
 q - 10 potions of degeneration
 z - a potion of might
 C - a potion of attraction {unknown}


   Skills:
 + Level 9.6 Fighting
 - Level 3.2(6.8) Axes
 + Level 9.3(9.6) Maces & Flails
 + Level 9.6 Armour
 + Level 7.4 Dodging
 + Level 9.5 Shields
 + Level 4.5 Evocations


You had 10 spell levels left.
You didn't know any spells.
Your spell library contained the following spells:

 Spells                   Type           Power      Damage    Failure   Level
 Magic Dart               Conj           0%         1d3       100%        1
 Ensorcelled Hibernation  Hex/Ice        0%         N/A       100%        2
 Searing Ray              Conj           0%         2d4       100%        2
 Frozen Ramparts          Ice            0%         1d1       100%        3
 Fugue of the Fallen      Necr           0%         N/A       100%        3
 Tukima's Dance           Hex            0%         N/A       100%        3
 Anguish                  Hex/Necr       0%         N/A       100%        4
 Animate Dead             Necr           0%         N/A       100%        4
 Fulminant Prism          Conj/Alch      0%         3d5       100%        4
 Leda's Liquefaction      Alch/Erth      0%         N/A       100%        4
 Passage of Golubria      Tloc           0%         N/A       100%        4
 Petrify                  Alch/Erth      0%         N/A       100%        4
 Borgnjor's Vile Clutch   Necr/Erth      0%         N/A       100%        5
 Metabolic Englaciation   Hex/Ice        0%         N/A       100%        5
 Yara's Violent Unravell  Hex/Alch       0%         3d3       100%        5
 Death Channel            Necr           0%         N/A       100%        6


Dungeon Overview and Level Annotations

Branches:
Dungeon (11/15)            Temple (0/1) D:7            Lair (0/5) D:9
    Orc (0/2) D:9

Altars:
Elyvilon
Fedhas
Hepliaklqana
Kikubaaqudgha
Makhleb
Nemelex Xobeh
Okawaru
Ru
Sif Muna
Trog
Uskayaw
Xom
Zin
The Shining One

Shops:
D:7 !!!(   D:10 [

Annotations:
D:11 Nergalle


Innate Abilities, Weirdness & Mutations

You have a pair of horns on your head.
You reflexively headbutt those who attack you in melee.
You are agile. (Dex +4, Str/Int -1)
Your magical capacity is low. (-10% MP)


Message History

You are too injured to fight recklessly!
You closely miss the tengu warrior. You headbutt the tengu warrior!
The tengu warrior is almost dead.
You feel extremely sick.
The spectral orc warrior completely misses you.
The tengu warrior hits you but does no damage.
The tengu warrior completely misses you.
The tengu warrior claws you. Nergalle hits you but does no damage.
You block the spectral orc warrior's attack.
You closely miss the tengu warrior. Your headbutt misses the tengu warrior.
The tengu warrior is almost dead.
You feel very sick. You block the tengu warrior's attack.
The tengu warrior barely misses you.
The tengu warrior claws you but does no damage.
Nergalle hits you but does no damage.
You are more poisoned.
The spectral orc warrior hits you from afar with a +0 halberd!
* * * LOW HITPOINT WARNING * * *
Nergalle casts a spell at you.
Orcish apparitions take form around you.
The tengu warrior hits you but does no damage.
The tengu warrior barely misses you. x2
You hit the tengu warrior. Your headbutt misses the tengu warrior.
The tengu warrior is almost dead.
* * * LOW HITPOINT WARNING * * *
You feel very sick.
The spectral orc warrior closely misses you.
The tengu warrior barely misses you. x2
The tengu warrior claws you but does no damage.
You block Nergalle's attack.
The spectral orc warrior hits you from afar with a +0 halberd.
* * * LOW HITPOINT WARNING * * *
You sock the tengu warrior!
You kill the tengu warrior!
Makhleb accepts your kill.
* * * LOW HITPOINT WARNING * * *
You feel very sick. Nergalle hits you but does no damage.
The spectral orc warrior hits you from afar with a +0 halberd!
You die...

##### #...
############.#######
#......Z)@oo.)......
#.##########.###..#.
#.#............
#.#.####..##.###
#..<..........
########..##.# #.#
#.#


You could see Nergalle, a spectral orc warrior (summoned) and an orc (fast).

Vanquished Creatures
  2 tengu warriors (D:11)
  Pikel (D:5)
  Maggie (D:6)
  3 red devils (D:8)
  A hornet (D:8)
  Eustachio (D:5)
  4 yaks (D:9)
  A wyvern (D:10)
  3 steam dragons
  A warg (D:9)
  4 vampire mosquitoes (D:10)
  Menkaure (D:4)
  An acid dragon (D:10)
  A water moccasin (D:7)
  5 orc warriors
  3 sky beasts
  A swamp drake (D:9)
  A black bear (D:8)
  2 wolves (D:9)
  3 ogres
  2 centaurs
  A phantom (D:4)
  4 lemures (D:5)
  2 kobold brigands
  4 bullfrogs
  A gnoll sergeant (D:7)
  A scorpion (D:5)
  13 wights
  A crimson imp (D:5)
  2 howler monkeys
  12 orc priests
  A jelly (D:5)
  3 gnoll boudas
  Natasha (thrice) (D:2)
  12 orc wizards
  3 sleepcaps
  3 iguanas
  22 gnolls
  6 adders
  A dart slug (D:1)
  2 ribbon worms
  49 orcs
  5 ball pythons
  4 endoplasms
  4 giant cockroaches
  10 goblins
  5 hobgoblins
  5 jackals
  6 quokkas
  6 bats
  5 frilled lizards
  14 kobolds
  4 rats
256 creatures vanquished.

Notes
Turn   | Place    | Note
-------+----------+-------------------------------------------
     0 | D:1      | Reshi88 the Minotaur Fighter began the quest for the Orb.
     0 | D:1      | Reached XP level 1. HP: 19/19 MP: 0/0
   160 | D:1      | Reached XP level 2. HP: 25/27 MP: 1/1
   367 | D:1      | Reached XP level 3. HP: 29/33 MP: 2/2
  1221 | D:2      | Noticed Natasha
  1230 | D:2      | Killed Natasha
  1231 | D:2      | Reached XP level 4. HP: 26/41 MP: 3/3
  1287 | D:2      | Noticed Natasha
  1296 | D:2      | Killed Natasha
  1340 | D:2      | Noticed Natasha
  1350 | D:2      | Killed Natasha
  1351 | D:2      | Reached XP level 5. HP: 14/47 MP: 4/4
  2434 | D:3      | Reached skill level 5 in Shields
  2450 | D:3      | Reached skill level 5 in Fighting
  2450 | D:3      | Reached skill level 5 in Armour
  2825 | D:4      | Noticed Menkaure
  2825 | D:4      | Noticed an ogre
  2929 | D:3      | Killed an ogre
  2930 | D:3      | Reached XP level 6. HP: 22/56 MP: 5/5
  3057 | D:4      | Noticed a +0 dagger
  3058 | D:4      | Noticed a +0 dagger
  3061 | D:4      | Killed Menkaure
  3062 | D:4      | Reached skill level 1 in Axes
  3062 | D:4      | Reached skill level 1 in Dodging
  3062 | D:4      | Found a hide-covered altar of Uskayaw.
  3389 | D:4      | Found a sparkling altar of Nemelex Xobeh.
  3512 | D:4      | Reached XP level 7. HP: 53/61 MP: 6/6
  3570 | D:4      | Reached skill level 5 in Maces & Flails
  3864 | D:4      | You fall into a shaft and drop 2 floors!
  3900 | D:6      | Identified the +7 flail of the Fortifying Goat {heavy,
                  | Dex+3}
  3901 | D:6      | Noticed Maggie
  3911 | D:6      | Killed Maggie
  4040 | D:6      | Found an iron altar of Okawaru.
  4097 | D:6      | Reached XP level 8. HP: 68/70 MP: 7/7
  4197 | D:5      | Entered Level 5 of the Dungeon
  4217 | D:5      | Found a sacrificial altar of Ru.
  4296 | D:5      | Noticed Eustachio
  4311 | D:5      | Killed Eustachio
  4434 | D:5      | Noticed Pikel
  4438 | D:5      | Killed Pikel
  4719 | D:5      | Found a shimmering altar of Xom.
  4719 | D:5      | Found a burning altar of Makhleb.
  4739 | D:5      | Became a worshipper of Makhleb the Destroyer
  4959 | D:5      | Gained mutation: Your magical capacity is low. (-10% MP)
                  | [potion of mutation]
  4959 | D:5      | Gained mutation: You are agile. (Dex +4, Str/Int -1)
                  | [potion of mutation]
  5007 | D:5      | Found a white marble altar of Elyvilon.
  5007 | D:5      | Found a glowing silver altar of Zin.
  5008 | D:5      | Found a glowing golden altar of the Shining One.
  5078 | D:5      | Reached XP level 9. HP: 30/79 MP: 7/7
  6104 | D:6      | Reached skill level 1 in Evocations
  6124 | D:6      | Found a shimmering blue altar of Sif Muna.
  6400 | D:7      | Found Xupanweh's Weapon Shop.
  6565 | D:7      | Found a staircase to the Ecumenical Temple.
  6597 | D:7      | Found Goxaroer's Distillery.
  6611 | D:7      | Bought a potion of curing for 45 gold pieces
  6611 | D:7      | Bought a potion of curing for 45 gold pieces
  6613 | D:7      | Found Wurep's Distillery.
  6622 | D:7      | Found a blossoming altar of Fedhas.
  6637 | D:7      | Reached skill level 5 in Dodging
  6862 | D:7      | Found Bexkuph's Distillery.
  7123 | D:7      | Found a hazy altar of Hepliaklqana.
  7920 | D:8      | Noticed a red devil
  7920 | D:8      | Noticed a red devil
  7923 | D:8      | Noticed a red devil
  7924 | D:8      | Killed a red devil
  7924 | D:8      | Killed a red devil
  7925 | D:8      | Reached XP level 10. HP: 90/90 MP: 8/8
  7925 | D:8      | Reached * piety under Makhleb
  8339 | D:8      | Found a bloodstained altar of Trog.
  9096 | D:9      | Reached ** piety under Makhleb
  9268 | D:9      | Found a staircase to the Lair.
  9648 | D:9      | Found a staircase to the Orcish Mines.
  9845 | D:10     | Entered Level 10 of the Dungeon
 10078 | D:10     | Reached XP level 11. HP: 94/97 MP: 8/8
 10133 | D:10     | Reached *** piety under Makhleb
 10154 | D:10     | Found Plog's Armour Boutique.
 10229 | D:10     | Bought a +0 pair of boots of rampaging for 172 gold pieces
 10645 | D:10     | Found an ancient bone altar of Kikubaaqudgha.
 10690 | D:11     | Noticed a tengu warrior
 10691 | D:11     | Noticed a tengu warrior
 10692 | D:11     | Noticed Nergalle
 10701 | D:11     | Killed a tengu warrior
 10711 | D:11     | Killed a tengu warrior
 10711 | D:11     | Slain by a spectral orc warrior

Illustrated notes

Levels and vault maps discovered:
D:1:      saegor_arrival_fortress, layout_basic, minmay_misc_feat_more_columns,
          minmay_surrounded
D:2:      layout_basic, serial_bayou_ford_a, uniq_natasha
D:3:      layout_basic, fiery_altar_vehumet, kennysheep_generic_room_2
D:4:      layout_basic, mainiacjoe_overflow_alcove_4, kennysheep_mini,
          dancing_weapons_uskayaw, serial_shops, kennysheep_little_box,
          uniq_menkaure
D:5:      layout_basic, grunt_temple_overflow_champion_of_chaos,
          good_gods_temple_1, amcnicky_altar_gilded, uniq_eustachio, uniq_pikel
D:6:      layout_loops_corners, okawaru_metal_pillars_1_2, led_sif_pool,
          uniq_maggie
D:7:      layout_basic, mainiacjoe_overflow_paths, lemuel_crystal_altar,
          minmay_temple_entry_statues, serial_shops, nicolae_take_the_stairs,
          shop, nicolae_shop_industrial_runoff, nicolae_shop_just_a_little_nook
D:8:      layout_cave_pods, lightli_temple_of_fire, minmay_stone_trees_large,
          einodemon_armed_red_devil_minivault
D:9:      layout_rooms, erik_lair_orcish_takeover, erik_orc_1
D:10:     layout_irregular_city, mainiacjoe_overflow_alcove_1, serial_shops,
          nicolae_shop_peninsula, minmay_stone_trees_small
D:11:     layout_basic, minivault_7, uniq_nergalle

Skill      XL: |  1  2  3  4  5  6  7  8  9 10 |
---------------+-------------------------------+-----
Shields        | 4 5 6 7 8 9 |  9.5
Fighting       | 4 5 6 7 8 9 |  9.6
Armour         | 4 5 6 7 8 9 |  9.6
Maces & Flails | 3 4 5 6 8 9 |  9.3
Axes           | 2 3 |  3.2
Dodging        | 1 2 4 6 7 |  7.4
Evocations     | 3 4 |  4.5

Action                     |  1- 3 |  4- 6 |  7- 9 | 10-12 || total
---------------------------+-------+-------+-------+-------++-------
  Melee: Flail             |    96 |    54 |   178 |   183 ||   511
         Headbutt          |     7 |    14 |    39 |    37 ||    97
         War axe           |       |    34 |    46 |       ||    80
  Evoke: Wand              |       |       |     3 |     1 ||     4
    Use: Potion            |       |     2 |     1 |     2 ||     5
         Scroll            |       |       |     9 |     3 ||    12
 Armour: Scale mail        |    92 |    61 |   132 |       ||   285
         Crystal plate arm |       |       |   134 |   330 ||   464
         Chain mail        |       |       |     8 |       ||     8
  Dodge: Dodged            |    59 |    30 |   114 |    77 ||   280
  Block: Buckler           |    33 |    16 |    93 |   104 ||   246

Table legend: (Time is in decaauts)
 A = Elapsed time spent in this place.
 B = Non-inter-level travel time spent in this place.
 C = Inter-level travel time spent in this place.
 D = Time resting spent in this place.
 E = Time spent auto-exploring this place.
 F = Levels seen in this place.
 G = Mean time per level.
                   A        B        C        D        E       F      G
               +--------+--------+--------+--------+--------+-----+--------+
         Total |  11015 |  10370 |    645 |    529 |   8181 |  11 | 1001.4 |
       Dungeon |  11015 |  10370 |    645 |    529 |   8181 |  11 | 1001.4 |
               +--------+--------+--------+--------+--------+-----+--------+

Top non-repeatable levels by time:
     D:5: 1402 daAuts
     D:7: 1277 daAuts
     D:8: 1255 daAuts
     D:2: 1164 daAuts
     D:3: 1159 daAuts
     D:9: 1108 daAuts
     D:6: 1099 daAuts
    D:10: 858 daAuts
     D:4: 836 daAuts
     D:1: 809 daAuts
    D:11: 42 daAuts
